 Dungeon Crawl Stone Soup version 0.32-a0-163-g159c032296 (webtiles) character file.

Game seed: 3541664533610024534

49 CraigForest the Shield-Bearer (level 3, 0/33 HPs)
             Began as a Minotaur Fighter on Feb 11, 2024.
             Slain by Sigmund
             ... wielding a +0 scythe
              (9 damage)
             ... on level 2 of the Dungeon.
             The game lasted 00:03:52 (773 turns).

CraigForest the Shield-Bearer (Minotaur Fighter)     Turns: 773, Time: 00:03:53

Health: 0/33       AC:  8    Str: 22    XL:     3   Next: 51%
Magic:  2/2        EV:  9    Int:  5    God:
Gold:   68         SH:  0    Dex:  9    Spells: 2/2 levels left

rFire   . . .        a - +0 war axe
rCold   . . .        c - +0 buckler
rNeg    . . .        b - +0 scale mail
rPois   .            (helmet restricted)
rElec   .            h - +0 cloak
rCorr   .            (no gloves)
SInv    .            (no boots)
Will    .....        f - amulet of reflection Stlth
                     (no ring)
HPRegen 0.25/turn    (no ring)
MPRegen 0.08/turn

%: reflection
@: confused
A: horns 2, retaliatory headbutt
a: no special abilities


You were on level 2 of the Dungeon.
You visited 1 branch of the dungeon, and saw 2 of its levels.

You collected 68 gold pieces.

Inventory:

Hand Weapons
 a - a +0 war axe (weapon)
Missiles
 m - 2 poisoned darts (quivered)
Armour
 b - a +0 scale mail (worn)
 c - a +0 buckler (worn)
 h - a +0 cloak (worn)
Jewellery
 f - an amulet of reflection (around neck)
Scrolls
 e - a scroll of torment {unknown}
 i - 2 scrolls of identify {unknown}
 j - a scroll of silence {unknown}
 n - a scroll of vulnerability {unknown}
Potions
 d - a potion of might
 g - 2 potions of haste {unknown}
 k - a potion of cancellation {unknown}
 l - a potion of curing {unknown}


   Skills:
 + Level 4.0 Fighting
 + Level 3.3 Axes
 + Level 4.1 Armour
 + Level 0.1 Dodging
 + Level 4.2 Shields


You had 2 spell levels left.
You didn't know any spells.
Your spell library contained the following spells:

 Spells                   Type           Power      Damage    Failure   Level
 Mercury Vapours          Alch/Air       0%         N/A       94%         2
 Mephitic Cloud           Conj/Alch/Air  0%         N/A       99%         3
 Freezing Cloud           Conj/Ice/Air   0%         6-21      100%        5


Dungeon Overview and Level Annotations

Branches:
Dungeon (2/15)

Altars:
Ashenzari

Annotations:
D:2 Natasha, Sigmund


Innate Abilities, Weirdness & Mutations

You have a pair of horns on your head.
You reflexively headbutt those who attack you in melee.


Message History

Found 2 poisoned darts.
No target in view!
No target in view!
Found a stone staircase leading down.
You now have 68 gold pieces (gained 4).
You see here 2 poisoned darts.
m - 2 poisoned darts You open the door.
There is an open door here.
As you open the door, it creaks loudly!
There is an open door here.
As you open the door, it creaks loudly!
There is an open door here.
n - a scroll labelled ATIMAI FUUBRUHO Sigmund the Dreaded comes into view.
He is wielding a +0 scythe and wearing a +1 robe of fire resistance.
Sigmund shouts!
You hear an angry hiss.
Sigmund mumbles some strange words.
Sigmund flickers and vanishes!
Deactivating autopickup; reactivate with Ctrl-A.
No target in view!
No target in view!
Natasha, Servant of Life and Death comes into view.
Natasha hisses angrily.
Something hits you. Something hits you!
You barely miss something.
You hear some strange, mumbled words.
You are confused.
You bump into the rock wall.
Something hits you.
You barely miss something.
Natasha casts a spell.
You hear some strange, mumbled words.
A puff of flame appears from out of thin air!
The puff of flame hits you!
* * * LOW HITPOINT WARNING * * *
You're too confused to move!
Something hits you but does no damage.
You closely miss something.
Natasha mumbles some strange words.
You're too confused to move!
Something hits you!
You die...

#.#
#.###..######.#.#####
.######.# #...........#
#.......###..######.###
.#######...#.######.#
##.##........#
#.########### #.#
#.######### #...@{h55.#
#..#####.... #...## #
≈≈≈≈~~# ###...# ##...
.... ##..


You could see Natasha and 2 cerulean imps.

Vanquished Creatures
  Natasha (D:2)
  A dart slug (D:1)
  2 endoplasms (D:1)
  3 goblins (D:1)
  2 hobgoblins
  3 jackals (D:1)
  2 ball pythons (D:1)
  3 bats (D:1)
  2 frilled lizards (D:1)
  3 kobolds
  A rat (D:1)
23 creatures vanquished.

Notes
Turn   | Place    | Note
-------+----------+-------------------------------------------
     0 | D:1      | CraigForest the Minotaur Fighter began the quest for the
                  | Orb.
     0 | D:1      | Reached XP level 1. HP: 19/19 MP: 0/0
   115 | D:1      | Reached XP level 2. HP: 27/27 MP: 1/1
   377 | D:2      | Noticed Natasha
   383 | D:2      | Killed Natasha
   384 | D:2      | Reached XP level 3. HP: 22/33 MP: 2/2
   449 | D:2      | Found a broken altar of Ashenzari.
   764 | D:2      | Noticed Sigmund
   766 | D:2      | Noticed Natasha
   773 | D:2      | Slain by Sigmund

Illustrated notes

Levels and vault maps discovered:
D:1:      onia_arrival_pyramid, layout_rooms
D:2:      layout_loops_corners, basic_altar, serial_rivers,
          chequers_serial_rivers_small_3, chequers_serial_rivers_micro_b,
          chequers_serial_rivers_room_b, chequers_serial_rivers_micro_d,
          chequers_serial_rivers_large_b, uniq_natasha, uniq_sigmund

Skill      XL: |  1  2 |
---------------+-------+-----
Armour         | 4 |  4.1
Shields        | 4 |  4.2
Fighting       | 4 |  4.0
Axes           | 3 |  3.3
Dodging        | |  0.1

Action                     || total
---------------------------++-------
  Melee: War axe           ||    41
         Headbutt          ||     6
 Armour: Scale mail        ||    31
  Dodge: Dodged            ||    16
  Block: Buckler           ||    24

Table legend: (Time is in decaauts)
 A = Elapsed time spent in this place.
 B = Non-inter-level travel time spent in this place.
 C = Inter-level travel time spent in this place.
 D = Time resting spent in this place.
 E = Time spent auto-exploring this place.
 F = Levels seen in this place.
 G = Mean time per level.
                   A        B        C        D        E       F      G
               +--------+--------+--------+--------+--------+-----+--------+
         Total |    788 |    766 |     22 |      0 |    437 |   2 |  394.0 |
       Dungeon |    788 |    766 |     22 |      0 |    437 |   2 |  394.0 |
               +--------+--------+--------+--------+--------+-----+--------+

Top non-repeatable levels by time:
     D:2: 401 daAuts
     D:1: 387 daAuts
